 Dungeon Crawl Stone Soup version 0.21.1-1-g345015f (webtiles) character file.

985 Lanoc the Spear-Bearer (level 8, -2/64 HPs)
             Began as a Merfolk Monk on Feb 24, 2018.
             Slain by Duvessa
             ... wielding a +0 short sword
              (8 damage)
             ... on level 5 of the Dungeon.
             The game lasted 00:09:31 (5524 turns).

Lanoc the Spear-Bearer (Merfolk Monk)               Turns: 5524, Time: 00:09:32

Health: -2/64      AC:  2    Str: 14 (15) XL:     8   Next: 18%
Magic:  7/7        EV: 17    Int:  8 (9)  God:
Gold:   180        SH:  0    Dex: 15 (19) Spells: 7/7 levels left

rFire    . . .     SeeInvis .   a - +1 spear
rCold    . . .     Gourm    .   (no shield)
rNeg     . . .     Faith    .   b - +1 robe
rPois    .         Spirit   .   (no helmet)
rElec    +         Reflect  .   (no cloak)
rCorr    .         Harm     .   (no gloves)
MR       +....     Clarity  +   (no boots)
Stlth    ++........             (no amulet)
HPRegen  0.20/turn              m - ring of protection from magic
MPRegen  0.10/turn              k - +4 ring of strength

@: no status effects
A: change form in water, swift swim, stealthy swim, clarity, deformed body, low
mp 1, electricity resistance
a: no special abilities


You were on level 5 of the Dungeon.
You were hungry.

You visited 1 branch of the dungeon, and saw 5 of its levels.

You collected 180 gold pieces.

Inventory:

Hand Weapons
 a - a +1 spear (weapon)
 e - a +0 scythe
 q - a +0 trident
Armour
 b - a +1 robe (worn)
Jewellery
 f - an uncursed ring of flight
 k - a +4 ring of strength (right hand)
 m - a ring of protection from magic (left hand)
 p - an uncursed ring of ice
Scrolls
 d - 2 scrolls of teleportation {unknown}
 h - a scroll of magic mapping {unknown}
 r - a scroll of identify {unknown}
Potions
 g - a potion of curing
 n - a potion of haste
Comestibles
 c - 9 rations


   Skills:
 + Level 6.0 Fighting
 * Level 10.2 Polearms
 + Level 7.2 Dodging
 - Level 2.1 Stealth


You had 7 spell levels left.
You didn't know any spells.

Dungeon Overview and Level Annotations

Branches:
Dungeon (5/15)
 Temple: D:4-7

Altars:
Elyvilon
Vehumet
Wu Jian

Annotations:
D:5 Dowan; Duvessa; Setanta's ghost, novice GnFi


Innate Abilities, Weirdness & Mutations

You revert to your normal form in water.
You are very nimble and swift while swimming.
You are very stealthy in the water. (Stealth+)
You possess an exceptional clarity of mind.
Armour fits poorly on your strangely shaped body.
Your magical capacity is low. (-10% MP)
You are resistant to electric shocks. (rElec)


Message History

You are too injured to fight recklessly!
You are too injured to fight recklessly!
You are too injured to fight recklessly!
You closely miss Duvessa.
Duvessa is heavily wounded.
Dowan points at you and mumbles some strange words.
The puff of flame hits you!
* * * LOW HITPOINT WARNING * * *
You hit Duvessa.
Duvessa is heavily wounded.
Duvessa closely misses you. Dowan hits you with a dagger.
* * * LOW HITPOINT WARNING * * *
You barely miss Duvessa.
Duvessa is heavily wounded.
Duvessa hits you with a short sword.
* * * LOW HITPOINT WARNING * * *
You puncture Duvessa!
Duvessa is almost dead.
Duvessa hits you with a short sword!
You die...

##...))......#
##########..##
.# ##..# ..#
#..# #..# #..#
#..# #..# #..#
#..# #..#
##..# #..
#@..# #. #ee.#
#. ..$## #.
...## #######.
...## ........
#..# ........
#.. ########
#.. #


You could see Duvessa and Dowan.

Vanquished Creatures
  Sigmund (D:2)
  A sky beast (D:5)
  A quasit (D:5)
  A centaur zombie (D:5)
  A hound (D:5)
  3 orc priests
  3 orc wizards
  A bullfrog skeleton (D:5)
  An iguana (D:4)
  6 worker ants (D:4)
  3 gnolls (D:5)
  15 adders
  3 oozes
  2 worms
  A dart slug (D:3)
  2 leopard geckos
  18 orcs
  5 giant cockroaches
  10 goblins
  6 hobgoblins
  7 jackals
  4 quokkas
  8 bats
  3 frilled lizards
  11 kobolds
  9 rats
126 creatures vanquished.

Vanquished Creatures (others)
  An adder (D:2)
  A plant (D:2)
2 creatures vanquished.

Grand Total: 128 creatures vanquished

Notes
Turn   | Place    | Note
-------+----------+-------------------------------------------
     0 | D:1      | Lanoc the Merfolk Monk began the quest for the Orb.
     0 | D:1      | Reached XP level 1. HP: 18/18 MP: 1/1
   216 | D:1      | Reached XP level 2. HP: 24/24 MP: 2/2
   384 | D:1      | Reached skill level 5 in Polearms
   906 | D:2      | Reached XP level 3. HP: 29/29 MP: 3/3
  1053 | D:2      | Noticed Sigmund
  1628 | D:2      | Found a radiant altar of Vehumet.
  1716 | D:2      | Reached XP level 4. HP: 30/37 MP: 4/4
  1880 | D:2      | Reached skill level 6 in Polearms
  1915 | D:2      | Killed Sigmund
  1915 | D:2      | Reached skill level 7 in Polearms
  1915 | D:2      | Reached skill level 5 in Dodging
  1915 | D:2      | Reached XP level 5. HP: 21/43 MP: 5/5
  2123 | D:2      | Reached XP level 6. HP: 33/49 MP: 6/6
  2467 | D:3      | Found a white marble altar of Elyvilon.
  3121 | D:3      | Reached skill level 8 in Polearms
  3428 | D:4      | Reached skill level 5 in Fighting
  3438 | D:4      | Reached XP level 7. HP: 44/56 MP: 7/7
  3445 | D:4      | Found an ornate altar of the Wu Jian Council.
  4006 | D:4      | Reached skill level 9 in Polearms
  4450 | D:5      | Entered Level 5 of the Dungeon
  4619 | D:5      | Reached skill level 10 in Polearms
  4619 | D:5      | Reached XP level 8. HP: 21/64 MP: 8/8
  4867 | D:5      | Noticed Setanta's ghost (novice GnFi)
  4888 | D:5      | Gained mutation: Your magical capacity is low. (-10% MP) [potion of mutation]
  4888 | D:5      | Gained mutation: You are resistant to electric shocks. (rElec) [potion of mutation]
  4888 | D:5      | Gained mutation: Armour fits poorly on your strangely shaped body. [potion of mutation]
  4888 | D:5      | Gained mutation: You possess an exceptional clarity of mind. [potion of mutation]
  5500 | D:5      | Noticed Duvessa
  5504 | D:5      | Noticed Dowan
  5524 | D:5      | Slain by Duvessa

Skill      XL: |  1  2  3  4  5  6  7  8 |
---------------+-------------------------+-----
Polearms       | 5 7 8 10 | 10.2
Fighting       | 4 5 6 |  6.0
Dodging        | 5 6 7 |  7.2
Stealth        | |  2.1

Action                   |  1- 3 |  4- 6 |  7- 9 || total
-------------------------+-------+-------+-------++-------
Melee: Spear             |   134 |   278 |   319 ||   731
       Tailslap          |     1 |     2 |       ||     3
  Use: Scroll            |     4 |       |       ||     4
       Potion            |       |       |     9 ||     9
 Stab: Sleeping          |    12 |    10 |     4 ||    26
       Distracted        |       |     2 |     1 ||     3
       Invisible         |       |       |     9 ||     9
  Eat: Ration            |     1 |       |       ||     1
       Chunk             |       |     5 |     6 ||    11
Armor: Robe              |    13 |    13 |    34 ||    60
       Skin              |       |       |     8 ||     8
Dodge: Dodged            |    50 |   142 |   139 ||   331
